Map: Dusk Towers

Players

capac - Winner!

  • Race: Terran Terran
  • League: Gold

Muraw

  • Race: Zerg Zerg
  • League: Gold

VOD

Have the link to the VOD?

Description

Time

  • Played on: Dec. 1, 2015, 10:46 a.m.
  • Length: 8:07
Show
View Real Time Build Order
Export as new Build Order

capac Terran - Winner!

Build Orders:  

Get SALT Encoding   

  12  0:01  SCV  
  13  0:13  SCV  
  14  0:17  Supply Depot  
  14  0:25  SCV  
  15  0:39  SCV  
  15  0:42  Barracks  
  16  0:46  Refinery  
  16  0:51  SCV  
  17  1:03  SCV  
  18  1:15  SCV  
  19  1:29  Orbital Command  
  19  1:30  Barracks Reactor  
  19  1:42  Command Center  
  19  1:53  Supply Depot  
  19  1:56  SCV  
  20  2:08  Marine x2, SCV  
  23  2:19  Factory  
  23  2:20  SCV  
  24  2:25  Refinery, Marine  
  24  2:26  Marine  
  26  2:34  SCV  
  27  2:43  Marine x2  
  29  2:57  SCV  
  31  3:00  Orbital Command  
  30  3:09  Barracks  
  30  3:11  Barracks  
  30  3:17  Engineering Bay  
  30  3:22  Engineering Bay  
  30  3:25  Marine x2  
  32  3:33  SCV x2  
  34  3:48  SCV x2  
  36  3:56  Supply Depot  
  36  3:57  Marine x2  
  36  3:58  Barracks Tech Lab  
  36  4:01  Barracks Reactor  
  38  4:09  SCV x2  
  40  4:18  Factory Reactor  
  40  4:20  Starport  
  40  4:28  Marine x2  
  40  4:29  Marauder  
  40  4:31  Stimpack  
  44  4:35  SCV  
  44  4:36  SCV  
  46  4:40  Refinery  
  46  4:50  Missile Turret  
  46  4:52  Terran Infantry Weapons Level 1  
  46  5:02  Terran Infantry Armor Level 1  
  46  5:06  Supply Depot  
  46  5:07  Medivac x2  
  46  5:11  SCV  
  46  5:12  SCV  
  52  5:19  Missile Turret  
  52  5:20  Missile Turret  
  52  5:22  Missile Turret  
  52  5:23  Marine x2  
  52  5:27  Marine x2  
  52  5:28  SCV x2  
  58  5:29  Marauder  
  60  5:39  Refinery  
  60  5:40  SCV x2  
  62  5:47  Supply Depot  
  62  5:50  Supply Depot  
  62  6:08  Marine x4, SCV x2  
  62  6:09  Marauder  
  62  6:10  Armory  
  70  6:16  Supply Depot  
  70  6:20  SCV, Medivac  
  70  6:24  Medivac  
  75  6:26  Marine x3  
  78  6:37  SCV x2  
  80  6:42  Supply Depot  
  80  6:44  Supply Depot  
  80  6:47  Factory Tech Lab  
  80  6:48  Marine  
  80  6:49  Marine x3, SCV x2  
  85  7:25  Marine x4  
  85  7:26  Marauder  
Show
View Real Time Build Order
Export as new Build Order

Muraw Zerg 

Build Orders: Hatch First 

Get SALT Encoding   

  12  0:02  Drone  
  13  0:12  Overlord  
  13  0:17  Drone  
  14  0:31  Drone x2  
  16  0:51  Hatchery  
  15  1:02  Spawning Pool  
  14  1:06  Extractor  
  14  1:09  Drone  
  14  1:14  Drone  
  14  1:18  Drone  
  16  1:24  Drone  
  17  1:31  Drone  
  18  1:42  Drone  
  19  1:52  Queen  
  21  1:55  Zergling x2  
  22  2:02  Queen  
  22  2:03  Zergling x2  
  22  2:04  Zergling x2  
  26  2:09  Metabolic Boost  
  26  2:15  Drone  
  26  2:16  Drone  
  28  2:24  Overlord  
  28  2:34  Overlord  
  28  2:44  Lair  
  27  3:06  Drone x5  
  27  3:07  Drone x4  
  36  3:17  Overlord  
  36  3:27  Roach Warren  
  36  3:29  Extractor  
  36  3:33  Drone x4  
  36  3:34  Drone  
  39  3:45  Drone x5  
  44  4:01  Hatchery  
  43  4:14  Overlord x2  
  43  4:28  Overseer  
  43  4:30  Overlord x2  
  43  4:37  Roach x3  
  43  4:38  Roach x2  
  53  4:52  Drone x6  
  59  4:59  Glial Reconstitution  
  59  5:00  Hatchery  
  59  5:06  Evolution Chamber  
  57  5:08  Spire, Drone x4  
  57  5:09  Drone  
  57  5:13  Queen  
  64  5:28  Drone x3  
  64  5:29  Drone x4  
  64  5:32  Extractor  
  64  5:34  Drone x2  
  64  5:35  Extractor, Drone x3  
  73  5:45  Drone x3  
  76  6:07  Spore Crawler  
  76  6:09  Spore Crawler x2  
  76  6:11  Spore Crawler  
  72  6:13  Roach x4  
  72  6:18  Overlord x3  
  80  6:23  Spore Crawler  
  80  6:24  Spore Crawler  
  77  6:27  Mutalisk x2, Spore Crawler  
  80  6:36  Spine Crawler x2  
  80  6:39  Roach x4  
  90  6:40  Roach x5  
  96  6:48  Mutalisk  
  82  7:06  Roach  
  82  7:07  Roach x6  
  82  7:08  Roach x3  
  96  7:23  Roach  
  96  7:29  Roach  
  98  7:31  Zergling x6  
  98  7:32  Zergling x4  
  87  7:39  Zergling x2  
  80  7:47  Zergling x2  
  77  7:58  Spine Crawler  
Tags
 
Add a new tag
Caveats
  • Supply blocks, unpowered buildings, or Contaminate may cause inaccurate times.
  • Supply counts are checked every 10 seconds.